 Dungeon Crawl Stone Soup version 0.27-a0-899-ge2d0b17c59 (webtiles) character file.

Game seed: 12346973635798462185

310 harryhousin the Covered (level 6, -1/48 (53) HPs)
             Began as a Minotaur Fighter on Apr 6, 2021.
             Slain by a wight
             ... wielding a +0 halberd
              (3 damage)
             ... on level 4 of the Dungeon.
             The game lasted 00:14:07 (3380 turns).

harryhousin the Covered (Minotaur Fighter)          Turns: 3380, Time: 00:14:08

HP:   -1/48 (53)    AC: 10    Str: 23    XL:     6   Next: 18%
MP:   5/5           EV:  9    Int:  5    God:
Gold: 72            SH:  9    Dex:  9    Spells: 5/5 levels left

rFire    . . .     SeeInvis .   a - +0 war axe
rCold    . . .     Faith    .   c - +0 kite shield
rNeg     . . .     Spirit   .   q - +3 ring mail {rPois}
rPois    +         Reflect  .   (helmet restricted)
rElec    .         Harm     .   (no cloak)
rCorr    .         Rampage  .   (no gloves)
Will     .....                  e - +0 pair of boots {Fly}
Stlth    ..........             (no amulet)
HPRegen  0.16/turn              (no ring)
MPRegen  0.09/turn              (no ring)

@: flying, drained
A: horns 2, retaliatory headbutt
a: no special abilities


You were on level 4 of the Dungeon.
You visited 1 branch of the dungeon, and saw 4 of its levels.

You collected 72 gold pieces.

Inventory:

Hand Weapons
 a - a +0 war axe (weapon)
Armour
 c - a +0 kite shield (worn)
 e - a +0 pair of boots of flying (worn)
 q - a +3 ring mail of poison resistance (worn)
Wands
 m - a wand of iceblast (6)
 r - a wand of digging (3)
Scrolls
 b - a scroll of magic mapping {unknown}
 f - 5 scrolls of identify {unknown}
 i - a scroll of fog {unknown}
 o - a scroll of immolation {unknown}
 s - a scroll of holy word {unknown}
Potions
 d - a potion of might
 g - 2 potions of magic {unknown}
 h - 4 potions of curing {unknown}
 j - 2 potions of heal wounds {unknown}
 k - a potion of haste {unknown}
 l - a potion of berserk rage {unknown}
 n - 2 potions of lignification {unknown}
 p - a potion of flight {unknown}


   Skills:
 + Level 4.4 Fighting
 + Level 5.2 Axes
 + Level 5.2 Armour
 + Level 1.9 Dodging
 + Level 0.2 Stealth
 + Level 4.5 Shields


You had 5 spell levels left.
You didn't know any spells.
Your spell library contained the following spells:

 Spells                   Type           Power      Damage    Failure   Level
 Confusing Touch          Hex            0%         N/A       100%        3
 Gell's Gravitas          Tloc           0%         N/A       100%        3
 Petrify                  Tmut/Erth      0%         N/A       100%        4
 Metabolic Englaciation   Hex/Ice        0%         N/A       100%        5
 Yara's Violent Unravell  Hex/Tmut       0%         3d3       100%        5


Dungeon Overview and Level Annotations

Branches:
Dungeon (4/15)
 Temple: D:4-7

Altars:


Innate Abilities, Weirdness & Mutations

You have a pair of horns on your head.
You reflexively headbutt those who attack you in melee.


Message History

The wight barely misses you. You block the wight's attack.
You closely miss the wight.
The wight is almost destroyed.
You hit the wight. The wight hits you with a +1 dagger.
You feel drained. You block the wight's attack. x2
The wight hits you from afar with a +0 halberd.
You feel drained. The wight hits you with a +1 dagger.
The wight hits you with a +3 war axe!
You feel drained.
You slash the wight!
The wight is almost destroyed.
You hit the wight. The wight barely misses you. The wight closely misses you.
The wight barely misses you.
You closely miss the wight.
You headbutt the wight, but do no damage.
The wight is almost destroyed.
You hit the wight but do no damage. The wight barely misses you.
You block the wight's attack. x2
Unknown command.
You closely miss the wight.
The wight is almost destroyed.
You slash the wight!
You destroy the wight!
You block the wight's attack. The wight hits you with a +1 dagger.
You feel drained. The wight closely misses you.
The wight hits you with a +1 dagger.
* * * LOW HITPOINT WARNING * * *
You block the wight's attack.
Your Axes skill increases to level 5!
You have reached level 6!
Your experience leads to an increase in your attributes!
Increase (S)trength, (I)ntelligence, or (D)exterity?
You feel stronger.
You slash the wight!
You destroy the wight!
You closely miss the wight. The wight closely misses you.
You block the wight's attack.
The wight hits you from afar with a +0 halberd!
* * * LOW HITPOINT WARNING * * *
You feel drained.
You die...

..#..######..##
..............#
....####......##
....# #....#..#
....# #....##.##
.###. ####.##..#
.# #. #.###.##
.# #. #. #..# .
#. #. ##@## .
##z## . #)z# .
....z..#.#
...........
.#...........
...............
##...........).
#........!....


You could see 2 wights.

Vanquished Creatures
  A necrophage (D:4)
  2 wights (D:4)
  2 iguanas (D:4)
  2 adders
  2 worms
  An orc (D:3)
  3 ball pythons
  7 endoplasms
  A giant cockroach (D:3)
  4 hobgoblins
  13 jackals
  3 quokkas
  4 bats
  3 frilled lizards
  8 goblins
  6 kobolds
  A rat (D:1)
63 creatures vanquished.

Vanquished Creatures (others)
  12 plants (D:2)
12 creatures vanquished.

Grand Total: 75 creatures vanquished

Notes
Turn   | Place    | Note
-------+----------+-------------------------------------------
     0 | D:1      | harryhousin the Minotaur Fighter began the quest for the
                  | Orb.
     0 | D:1      | Reached XP level 1. HP: 19/19 MP: 0/0
   161 | D:1      | Reached XP level 2. HP: 26/27 MP: 1/1
   220 | D:1      | Found a faded altar of an unknown god.
  1030 | D:2      | Reached XP level 3. HP: 24/33 MP: 2/2
  1707 | D:2      | Reached skill level 1 in Dodging
  2334 | D:3      | Reached XP level 4. HP: 40/40 MP: 3/3
  3108 | D:4      | Noticed a necrophage
  3123 | D:4      | Killed a necrophage
  3124 | D:4      | Reached skill level 5 in Armour
  3124 | D:4      | Reached XP level 5. HP: 32/46 MP: 4/4
  3378 | D:4      | Reached skill level 5 in Axes
  3378 | D:4      | Reached XP level 6. HP: 8/48 MP: 5/5
  3380 | D:4      | HP: 2/50 [wight/+0 halberd (7)]
  3380 | D:4      | Slain by a wight

Illustrated notes

Levels and vault maps discovered:
D:1:      minmay_arrival_floating_metal, layout_loops_ring,
          ebering_ecumenical_altar_box, grunt_decor_clamped
D:2:      wad_woods_pond, layout_basic, grunt_ministairs_15, roderic_lattice_a
D:3:      layout_basic
D:4:      layout_cave_pods, amcnicky_altar_gilded, palyth_stone_intersect,
          minivault_24

Skill      XL: |  1  2  3  4  5 |
---------------+----------------+-----
Armour         | 4 5 |  5.2
Fighting       | 4 |  4.4
Axes           | 3 4 5 |  5.2
Dodging        | 1 |  1.9
Shields        | 4 |  4.5
Stealth        | |  0.2

Action                   |  1- 3 |  4- 6 || total
-------------------------+-------+-------++-------
Melee: War axe           |   122 |    50 ||   172
       Headbutt          |    20 |     6 ||    26
Armor: Scale mail        |    68 |       ||    68
       Ring mail         |     7 |    17 ||    24
Dodge: Dodged            |    33 |    17 ||    50
Block: Kite shield       |    62 |    31 ||    93

Table legend: (Time is in decaauts)
 A = Elapsed time spent in this place.
 B = Non-inter-level travel time spent in this place.
 C = Inter-level travel time spent in this place.
 D = Time resting spent in this place.
 E = Time spent auto-exploring this place.
 F = Levels seen in this place.
 G = Mean time per level.
                   A        B        C        D        E       F      G
               +--------+--------+--------+--------+--------+-----+--------+
         Total |   3486 |   3411 |     75 |    146 |   2037 |   4 |  871.5 |
       Dungeon |   3486 |   3411 |     75 |    146 |   2037 |   4 |  871.5 |
               +--------+--------+--------+--------+--------+-----+--------+

Top non-repeatable levels by time:
     D:2: 1149 daAuts
     D:1: 976 daAuts
     D:3: 923 daAuts
     D:4: 436 daAuts
